 Dungeon Crawl Stone Soup version 0.26-a0-708-g17f3b190f9 (webtiles) character file.

Game seed: 18090974405811192872

3594 Roikka the Chucker (level 10, -13/98 HPs)
             Began as an Ogre Arcane Marksman on Oct 27, 2020.
             Was an Initiate of Okawaru.
             Mangled by a spectral wyvern (15 damage)
             ... on level 7 of the Dungeon on Oct 28, 2020.
             The game lasted 00:33:44 (8594 turns).

Roikka the Chucker (Ogre Arcane Marksman)           Turns: 8594, Time: 00:33:45

Health: -13/98     AC:  4    Str: 17    XL:     10   Next: 10%
Magic:  18/18      EV: 15    Int: 14    God:    Okawaru [......]
Gold:   154        SH:  0    Dex: 11    Spells: 11/20 levels left

rFire    + . .     SeeInvis .   w - +2 hand axe (venom)
rCold    + . .     Faith    .   (no shield)
rNeg     . . .     Spirit   .   a - +1 robe
rPois    +         Reflect  .   (helmet restricted)
rElec    .         Harm     .   i - scarf {rC+ rF+}
rCorr    .         Rampage  .   (gloves unavailable)
MR       +....                  (boots unavailable)
Stlth    +.........             x - amulet of regeneration
HPRegen  0.66/turn              g - +4 ring of evasion
MPRegen  0.16/turn              E - ring of poison resistance

@: mighty, heavily drained
A: large, unfitting armour, tough skin 1
a: Renounce Religion


You were on level 7 of the Dungeon.
You worshipped Okawaru.
Okawaru was noncommittal.
You visited 2 branches of the dungeon, and saw 9 of its levels.

You collected 329 gold pieces.
You donated 175 gold pieces to Zin.

Inventory:

Hand Weapons
 e - a +3 long sword
 w - a +2 hand axe of venom (weapon)
 z - a +0 war axe
Missiles
 b - 7 javelins
 c - 5 large rocks (quivered)
 d - 3 throwing nets
 s - 35 poisoned darts
Armour
 a - a +1 robe (worn)
 i - a scarf of resistance (worn)
Jewellery
 g - a +4 ring of evasion (left hand)
 x - an amulet of regeneration (around neck)
 B - a +4 ring of evasion
 E - a ring of poison resistance (right hand)
Scrolls
 f - a scroll of amnesia
 j - 2 scrolls of blinking
 k - 2 scrolls of immolation
 m - a scroll of identify
 r - 2 scrolls of fog
 v - 7 scrolls of remove curse
 y - a scroll of fear
 A - 5 scrolls of teleportation
Potions
 l - a potion of invisibility
 n - a potion of mutation {unknown}
 o - 4 potions of brilliance
 p - a potion of cancellation {unknown}
 q - 2 potions of stabbing
 t - 2 potions of flight
 u - 3 potions of curing
 C - a potion of lignification {unknown}
 D - a potion of magic {unknown}


   Skills:
 + Level 5.7(4.1) Fighting
 + Level 4.9(3.3) Axes
 + Level 6.2(4.6) Throwing
 + Level 5.5(3.9) Dodging
 + Level 5.9(4.3) Spellcasting
 + Level 6.0(4.4) Hexes
 + Level 4.1(2.6) Translocations
 + Level 0.5(0.0) Invocations


You had 11 spell levels left.
You knew the following spells:

 Your Spells              Type           Power        Failure   Level
a - Corona                Hex            ###....      3%          1
b - Slow                  Hex            ###.....     4%          2
c - Portal Projectile     Hex/Tloc       ##....       13%         3
d - Tukima's Dance        Hex            ###.....     9%          3

Your spell library contained the following spells:

 Spells                   Type           Power        Failure   Level
 Confusing Touch          Hex            ###.....     9%          3
 Ensorcelled Hibernation  Hex/Ice        #.....       12%         2
 Animate Skeleton         Necr           #.....       19%         1
 Pain                     Necr           #...         19%         1
 Summon Small Mammal      Summ           #...         19%         1
 Dazzling Flash           Conj/Hex       #.....       22%         3
 Inner Flame              Hex/Fire       #.......     22%         3
 Summon Guardian Golem    Hex/Summ       #.......     22%         3
 Call Imp                 Summ           #.......     28%         2
 Cause Fear               Hex            ###.......   30%         4
 Call Canine Familiar     Summ           #.......     50%         3
 Vampiric Draining        Necr           #.........   50%         3
 Leda's Liquefaction      Hex/Erth       #.........   58%         4
 Animate Dead             Necr           #.........   88%         4
 Summon Ice Beast         Ice/Summ       #.......     88%         4
 Summon Lightning Spire   Summ/Air       #.......     88%         4
 Agony                    Necr           #.......     99%         5


Dungeon Overview and Level Annotations

Branches:
Dungeon (8/15)             Temple (1/1) D:7
   Lair: D:8-11

Altars:
Cheibriados
Dithmenos
Elyvilon
Fedhas
Gozag
Hepliaklqana
Kikubaaqudgha
Makhleb
Nemelex Xobeh
Okawaru
Qazlal
Ru
Sif Muna
Trog
Uskayaw
Vehumet
Wu Jian
Xom
Yredelemnul
Zin
The Shining One

Annotations:
D:8 Notrik's ghost, novice DrVM


Innate Abilities, Weirdness & Mutations

You are too large for most types of armour.
You have tough skin. (AC +1)


Message History

You hit the spectral wyvern but do no damage.
The spectral wyvern is lightly damaged.
The spectral wyvern closely misses you. The spectral wyvern bites you!
* * * LOW HITPOINT WARNING * * *
Throwing (i - inventory. (/) - cycle)
c - 6 large rocks (quivered)
Press: ? - help, Shift-Dir - straight line, f - spectral wyvern
Aim: a spectral wyvern (lightly damaged)
You throw a large rock.
The large rock hits the spectral wyvern!!
The spectral wyvern is severely damaged.
The spectral wyvern bites you.
* * * LOW HITPOINT WARNING * * *
You feel drained.
* * * LOW HITPOINT WARNING * * *
The spectral wyvern misses you.
You feel very mighty all of a sudden. The spectral wyvern bites you.
* * * LOW HITPOINT WARNING * * *
The spectral wyvern bites you!
You die...

#.############
#............#
##############.##########.#
...............# #.#
#############..# #.# #..#
#.# #..##########.##
#..#.........).# #######
#..#@###########
##....)######..#Z###########
...<..)[......Z[Z..........#
##.....######.##[#######.###
#.))..# #......[)[.#.#
#.....# ####.#####.#.#
#.....# #.# #.#.# #.....#
#.# #.#.# #.....# ####.#
#.#.#


You could see a spectral wyvern and a spectral worker ant.

Vanquished Creatures
  A two-headed ogre (D:8)
  2 water moccasins
  A sky beast (D:6)
  2 orc warriors
  2 ice beasts (D:8)
  2 phantoms (D:7)
  2 necrophages
  3 ogres
  2 centaurs
  A big kobold (D:7)
  A bullfrog (D:7)
  4 killer bees (D:7)
  6 scorpions
  A howler monkey (D:7)
  2 bullfrog zombies
  3 hounds
  A jelly (D:6)
  An orc priest (D:4)
  A centaur skeleton (D:6)
  7 orc wizards
  An iguana (D:4)
  2 worker ants
  2 hound skeletons (D:5)
  A worker ant zombie (D:6)
  14 adders
  2 howler monkey skeletons
  A shadow imp (D:5)
  3 white imps
  2 ufetubi
  An ooze (D:6)
  An adder skeleton (D:4)
  3 worms
  4 dart slugs
  6 leopard geckos
  27 orcs
  3 ball pythons
  4 bats
  4 giant cockroaches
  7 goblins
  10 hobgoblins
  5 jackals
  4 quokkas
  5 frilled lizards
  14 kobolds
  4 quokka skeletons
  2 quokka zombies (D:6)
  9 rats
186 creatures vanquished.

Vanquished Creatures (others)
  2 fungi (D:6)
  22 plants (D:1)
  5 toadstools (D:6)
29 creatures vanquished.

Grand Total: 215 creatures vanquished

Notes
Turn   | Place    | Note
-------+----------+-------------------------------------------
     0 | D:1      | Roikka the Ogre Arcane Marksman began the quest for the
                  | Orb.
     0 | D:1      | Reached XP level 1. HP: 19/19 MP: 2/2
   181 | D:1      | Reached XP level 2. HP: 11/28 MP: 4/4
   981 | D:1      | Reached XP level 3. HP: 29/35 MP: 5/5
  1699 | D:2      | Found a radiant altar of Vehumet.
  1998 | D:2      | Learned a level 2 spell: Slow
  2450 | D:2      | Found an opulent altar of Gozag.
  2450 | D:2      | Found a sacrificial altar of Ru.
  2494 | D:2      | Found a faded altar of an unknown god.
  2727 | D:2      | Reached XP level 4. HP: 41/44 MP: 7/7
  2736 | D:2      | Found a glowing golden altar of the Shining One.
  2954 | D:3      | Learned a level 3 spell: Portal Projectile
  3444 | D:3      | Reached XP level 5. HP: 49/53 MP: 8/8
  4071 | D:4      | Reached skill level 1 in Translocations
  4071 | D:4      | Reached XP level 6. HP: 49/61 MP: 10/10
  4410 | D:4      | Reached XP level 7. HP: 70/70 MP: 11/11
  4694 | D:4      | Noticed a +0 hand axe
  4694 | D:4      | Noticed a +0 dagger
  4695 | D:4      | Found a hide-covered altar of Uskayaw.
  4904 | D:5      | Entered Level 5 of the Dungeon
  4978 | D:5      | Learned a level 3 spell: Tukima's Dance
  5177 | D:5      | Found a shadowy altar of Dithmenos.
  5396 | D:5      | Reached XP level 8. HP: 63/79 MP: 14/14
  5654 | D:5      | Upgraded the game from 0.26-a0-707-g31817bcca1 to
                  | 0.26-a0-708-g17f3b190f9
  5689 | D:5      | Found a snail-covered altar of Cheibriados.
  5935 | D:6      | Found a bloodstained altar of Trog.
  6048 | D:6      | Reached skill level 1 in Axes
  6428 | D:6      | Reached skill level 5 in Throwing
  6586 | D:6      | Found a hazy altar of Hepliaklqana.
  6677 | D:6      | Reached skill level 5 in Hexes
  6794 | D:7      | Reached XP level 9. HP: 78/85 MP: 15/15
  7509 | D:7      | Reached skill level 5 in Spellcasting
  7565 | D:7      | Reached skill level 5 in Dodging
  7579 | D:7      | Found a staircase to the Ecumenical Temple.
  7588 | Temple   | Entered the Ecumenical Temple
  7680 | Temple   | Became a worshipper of Zin the Law-Giver
  7680 | Temple   | Reached * piety under Zin
  7681 | Temple   | Donated 143 gold pieces to Zin
  7895 | D:7      | Reached ** piety under Zin
  8158 | D:8      | Found a shimmering blue altar of Sif Muna.
  8191 | D:8      | Noticed a two-headed ogre
  8209 | D:8      | Killed a two-headed ogre
  8209 | D:8      | Reached skill level 5 in Fighting
  8209 | D:8      | Reached XP level 10. HP: 28/96 MP: 15/18
  8435 | D:8      | Found an iron altar of Okawaru.
  8454 | D:8      | Found a shadowy altar of Dithmenos.
  8469 | D:8      | Fell from the grace of Zin
  8469 | D:8      | Became a worshipper of Warmaster Okawaru
  8558 | D:8      | Found a runed translucent gate.
  8558 | D:8      | Found a runed translucent gate.
  8558 | D:8      | Found a runed translucent gate.
  8563 | D:8      | Noticed Notrik's ghost (novice DrVM)
  8594 | D:7      | HP: 2/98 [spectral wyvern (5)]
  8594 | D:7      | Mangled by a spectral wyvern

Illustrated notes

Levels and vault maps discovered:
D:1:      dpeg_arrival_short_road, layout_basic, serial_curves, eino_curves_03,
          eino_curves_01, eino_curves_02, hangedman_abyss_or_decor_lesser_grid,
          serial_bayou_lagoon_a
D:2:      layout_rooms, nicolae_tso_carved_into_rock, lemuel_round_altar,
          gammafunk_temple_overflow_wave, chequers_ecumenical_altar_simple
D:3:      layout_basic
D:4:      layout_basic, dancing_weapons_uskayaw
D:5:      layout_gridville, kennysheep_slug_shrine, basic_altar
D:6:      layout_cave_pools, kennysheep_mini_moat,
          nicolae_overflow_crystal_walls, roderic_serpentine_path,
          minmay_gold_behind_fungi
D:7:      layout_basic, minmay_temple_entry_mist
D:8:      layout_cave_pods, lemuel_round_altar, lemuel_doored_altar,
          overflow_temple_1_default, nicolae_dithmenos_the_darkroom,
          gammafunk_ghost_necromancy
Temple:   zaba_magenta_temple

Skill      XL: |  1  2  3  4  5  6  7  8  9 10 |
---------------+-------------------------------+-----
Dodging        | 2 3 4 5 |  5.5
Fighting       | 2 3 4 5 |  5.7
Hexes          | 3 4 5 6 |  6.0
Spellcasting   | 2 3 4 5 |  5.9
Throwing       | 3 4 5 6 |  6.2
Translocations | 1 2 3 4 |  4.1
Axes           | 3 4 |  4.9
Invocations    | |  0.5

Action                   |  1- 3 |  4- 6 |  7- 9 | 10-12 || total
-------------------------+-------+-------+-------+-------++-------
Melee: Club              |    99 |       |       |       ||    99
       Unarmed           |     6 |       |       |       ||     6
       Whip              |    42 |       |       |       ||    42
       Long sword        |    13 |   116 |    84 |       ||   213
       Hand axe          |       |       |   316 |    39 ||   355
Throw: Javelin           |    16 |     3 |    16 |       ||    35
       Large rock        |     3 |       |     8 |     1 ||    12
       Dart              |       |    13 |    18 |       ||    31
 Cast: Portal Projectile |       |       |     1 |       ||     1
       Slow              |       |       |     3 |       ||     3
       Corona            |       |       |     1 |       ||     1
Invok: Donate Gold       |       |       |     1 |       ||     1
  Use: Scroll            |     7 |     1 |    11 |       ||    19
       Potion            |       |       |     1 |     1 ||     2
 Stab: Sleeping          |       |     1 |       |       ||     1
Armor: Robe              |    50 |    28 |    44 |     5 ||   127
Dodge: Dodged            |    97 |   113 |   394 |    37 ||   641
       Rpst.: Long sword |     5 |    37 |    28 |       ||    70

Table legend: (Time is in decaauts)
 A = Elapsed time spent in this place.
 B = Non-inter-level travel time spent in this place.
 C = Inter-level travel time spent in this place.
 D = Time resting spent in this place.
 E = Time spent auto-exploring this place.
 F = Levels seen in this place.
 G = Mean time per level.
                   A        B        C        D        E       F      G
               +--------+--------+--------+--------+--------+-----+--------+
         Total |   8788 |   8505 |    283 |   2259 |   3566 |   9 |  976.4 |
       Dungeon |   8681 |   8429 |    252 |   2259 |   3520 |   8 | 1085.1 |
        Temple |    106 |     75 |     31 |      0 |     46 |   1 |  106.0 |
               +--------+--------+--------+--------+--------+-----+--------+

Top non-repeatable levels by time:
     D:1: 2295 daAuts
     D:7: 1319 daAuts
     D:4: 1171 daAuts
     D:3: 995 daAuts
     D:6: 907 daAuts
     D:5: 907 daAuts
     D:2: 648 daAuts
     D:8: 435 daAuts
  Temple: 106 daAuts
